 Dungeon Crawl Stone Soup version 0.28.0-53-g5a82cb258f (webtiles) character file.

Game seed: 2842289242804383290

605 safid the Cleaver (level 7, 0/59 HPs)
             Began as a Hill Orc Fighter on Aug 12, 2022.
             Was an Initiate of Beogh.
             Slain by a gnoll
             ... wielding a +0 flail
              (3 damage)
             ... on level 5 of the Dungeon.
             The game lasted 00:03:59 (3821 turns).

safid the Cleaver (Hill Orc Fighter)                Turns: 3821, Time: 00:03:59

Health: 0/59       AC:  8    Str: 21    XL:     7   Next: 42%
Magic:  7/7        EV:  9    Int:  8    God:    Beogh [......]
Gold:   176        SH:  4    Dex: 10    Spells: 6/6 levels left

rFire   . . .      SeeInvis .   a - +0 war axe
rCold   . . .      Faith    .   c - +0 buckler
rNeg    . . .      Spirit   .   b - +0 scale mail
rPois   +          Reflect  .   q - +0 helmet
rElec   .          Harm     .   (no cloak)
rCorr   .          Rampage  .   (no gloves)
Will    .....                   (no boots)
Stlth   ..........              (no amulet)
HPRegen 0.19/turn               f - ring of flight
MPRegen 0.10/turn               l - ring of poison resistance

@: flying
A: no striking features
a: Renounce Religion


You were on level 5 of the Dungeon.
You worshipped Beogh.
Beogh was noncommittal.
You visited 1 branch of the dungeon, and saw 6 of its levels.

You collected 176 gold pieces.

Inventory:

Hand Weapons
 a - a +0 war axe (weapon)
Missiles
 j - 8 poisoned darts (quivered)
Armour
 b - a +0 scale mail (worn)
 c - a +0 buckler (worn)
 q - a +0 helmet (worn)
Jewellery
 f - a ring of flight (left hand)
 l - a ring of poison resistance (right hand)
Wands
 r - a wand of charming (8)
Scrolls
 g - 2 scrolls of enchant weapon {unknown}
 h - 3 scrolls of identify {unknown}
 k - a scroll of vulnerability {unknown}
 m - 2 scrolls of magic mapping {unknown}
 n - a scroll of torment {unknown}
 p - a scroll of amnesia {unknown}
 t - 2 scrolls of fear {unknown}
Potions
 d - a potion of might
 e - 4 potions of flight
 i - 3 potions of curing
 o - a potion of attraction {unknown}
 s - a potion of resistance {unknown}


   Skills:
 - Level 4.0 Fighting
 + Level 9.6 Axes
 - Level 4.0 Armour
 - Level 4.0 Shields


You had 6 spell levels left.
You didn't know any spells.
Your spell library contained the following spells:

 Spells                   Type           Power      Damage    Failure   Level
 Sandblast                Erth           0%         2d4       83%         1
 Passwall                 Tmut/Erth      0%         N/A       92%         2
 Stone Arrow              Conj/Erth      0%         3d7       99%         3
 Tukima's Dance           Hex            0%         N/A       99%         3
 Passage of Golubria      Tloc           0%         N/A       100%        4
 Yara's Violent Unravell  Hex/Tmut       0%         3d3       100%        5


Dungeon Overview and Level Annotations

Branches:
Dungeon (6/15)
 Temple: D:4-7

Altars:

Shops:
D:1 =

Annotations:
D:2 1 runed translucent door, Crazy Yiuf


Message History

You closely miss the gnoll. You slash the gnoll!
The gnoll hits you with a +0 club. You block the gnoll's attack.
Unknown command.
You completely miss the gnoll. You closely miss the gnoll.
You hit the gnoll but do no damage. You closely miss the gnoll.
A worm comes into view.
The gnoll hits you but does no damage. x2; The gnoll hits you with a +0 club.
* * * LOW HITPOINT WARNING * * *
The gnoll hits you with a +0 flail.
* * * LOW HITPOINT WARNING * * *
Unknown command.
You hit the gnoll.
You kill the gnoll!
Beogh accepts your kill.
You hit the gnoll. You barely miss the gnoll. You closely miss the gnoll.
The gnoll hits you with a +0 whip.
* * * LOW HITPOINT WARNING * * *
The gnoll barely misses you. The gnoll hits you with a +0 club.
* * * LOW HITPOINT WARNING * * *
It was a potion of flight.
You feel more buoyant. The gnoll barely misses you.
The gnoll hits you but does no damage. You block the gnoll's attack.
It was a potion of curing.
You feel better. The gnoll hits you but does no damage.
The gnoll hits you with a +0 flail.
* * * LOW HITPOINT WARNING * * *
The gnoll hits you with a +0 club.
* * * LOW HITPOINT WARNING * * *
You hit the gnoll.
The gnoll is moderately wounded.
You slash the gnoll! You closely miss the gnoll.
You block the gnoll's attack. x2
The gnoll hits you but does no damage.
Unknown command.
You completely miss the gnoll.
The gnoll is severely wounded.
You hit the gnoll but do no damage. You barely miss the gnoll.
The gnoll hits you but does no damage. The gnoll hits you with a +0 club.
* * * LOW HITPOINT WARNING * * *
The gnoll hits you with a +0 flail.
You die...

...............##
........#.....##
........#..>...# #
........##....##.##
..................#
...................#
..............###.##
...w..g.......# #
......)@.........
......gg..........
..................
..................
..................
.................
................
..)............


You could see a worm and 3 gnolls.

Vanquished Creatures
  A water moccasin (D:6)
  An ogre (D:6)
  A centaur (D:5)
  A scorpion (D:3)
  A hound (D:6)
  A bullfrog zombie (D:6)
  A jelly (D:6)
  An iguana (D:6)
  Terence (D:2)
  Robin (D:3)
  A gnoll (D:5)
  4 adders
  2 white imps (D:6)
  4 dart slugs (D:1)
  An orc (D:6)
  6 ball pythons
  6 bats
  4 endoplasms
  4 giant cockroaches
  14 goblins
  6 hobgoblins
  2 jackals (D:2)
  5 quokkas
  3 frilled lizards
  5 kobolds
  3 rats
80 creatures vanquished.

Vanquished Creatures (others)
  An orc priest (D:6)
  An orc wizard (D:6)
2 creatures vanquished.

Grand Total: 82 creatures vanquished

Notes
Turn   | Place    | Note
-------+----------+-------------------------------------------
     0 | D:1      | safid the Hill Orc Fighter began the quest for the Orb.
     0 | D:1      | Reached XP level 1. HP: 19/19 MP: 1/1
    23 | D:1      | Found Ythrett's Jewellery Shoppe.
   120 | D:1      | Found a faded altar of an unknown god.
   121 | D:1      | Noticed a golden eye
   236 | D:1      | Noticed a shining eye
   236 | D:1      | Noticed a great orb of eyes
   236 | D:1      | Noticed a golden eye
   259 | D:1      | Reached skill level 3 in Axes
   259 | D:1      | Reached XP level 2. HP: 27/27 MP: 2/2
   527 | D:1      | Reached XP level 3. HP: 18/33 MP: 3/3
   664 | D:1      | Found Wadwirghu's Antique Armour Shoppe.
  1318 | D:2      | Reached XP level 4. HP: 39/40 MP: 4/4
  1459 | D:2      | Noticed Terence
  1469 | D:2      | Killed Terence
  1470 | D:2      | Reached skill level 4 in Axes
  1882 | D:2      | Found a runed translucent door.
  1883 | D:2      | Noticed Crazy Yiuf
  2144 | D:3      | Noticed a scorpion
  2155 | D:3      | Killed a scorpion
  2156 | D:3      | Reached skill level 5 in Axes
  2156 | D:3      | Reached XP level 5. HP: 32/46 MP: 5/5
  2441 | D:3      | Noticed Robin
  2459 | D:3      | Reached skill level 6 in Axes
  2468 | D:3      | Killed Robin
  2871 | D:3      | Identified the +3 leather armour of the Cricket {*Corrode
                  | rElec Int+5}
  3111 | D:4      | You are sucked into a shaft and drop 2 floors!
  3147 | D:6      | Reached skill level 7 in Axes
  3147 | D:6      | Reached XP level 6. HP: 46/52 MP: 6/6
  3371 | D:6      | Noticed a water moccasin
  3385 | D:6      | Killed a water moccasin
  3386 | D:6      | Reached skill level 8 in Axes
  3435 | D:6      | Noticed an orc warrior
  3436 | D:6      | Became a worshipper of Beogh the Brigand
  3444 | D:6      | Reached skill level 9 in Axes
  3444 | D:6      | Reached XP level 7. HP: 46/59 MP: 7/7
  3788 | D:5      | Entered Level 5 of the Dungeon
  3817 | D:5      | HP: 1/59 [gnoll/+0 club (6)]
  3821 | D:5      | Slain by a gnoll

Illustrated notes

Levels and vault maps discovered:
D:1:      psy_arrival_spokes, layout_loops_ring, serial_shops, shop_statue,
          nicolae_shop_waterfront, hellmonk_ecumenical_altar_watching_god,
          minmay_misc_feat_cross, minmay_tromino_v4_b
D:2:      layout_loops_cross, uniq_terence, uniq_crazy_yiuf_cottage
D:3:      layout_basic, minmay_misc_feat_pillars, minmay_misc_feat_roman,
          uniq_robin
D:4:      layout_layer_cave, minmay_temple_entry_ruins
D:5:      layout_cave_pools, serial_gnoll_camp, gnoll_camp_mini_hut,
          gnoll_camp_mini_hut, gnoll_camp_mini_hut, gnoll_camp_mini_house,
          gnoll_camp_mini_house
D:6:      layout_basic, kennysheep_generic_room_11

Skill      XL: |  1  2  3  4  5  6 |
---------------+-------------------+-----
Axes           | 3 5 7 9 |  9.6
Fighting       | 4 |  4.0
Armour         | 4 |  4.0
Shields        | 4 |  4.0

Action                   |  1- 3 |  4- 6 |  7- 9 || total
-------------------------+-------+-------+-------++-------
Melee: War axe           |    87 |   115 |    15 ||   217
Throw: Dart              |       |     4 |       ||     4
Invok: Convert to Beogh  |       |     1 |       ||     1
  Use: Potion            |       |       |     2 ||     2
Armor: Scale mail        |    46 |    58 |     9 ||   113
Dodge: Dodged            |    32 |    42 |     7 ||    81
Block: Buckler           |    17 |    29 |     8 ||    54
